 Dungeon Crawl Stone Soup version 0.29.1-15-g9cfb28693d (webtiles) character file.

Game seed: 820004327585289678

22 Anandil the Shield-Bearer (level 2, -1/19 HPs)
             Began as a Demonspawn Wanderer on Apr 25, 2023.
             Slain by a quokka (4 damage)
             ... on level 1 of the Dungeon.
             The game lasted 00:01:35 (617 turns).

Anandil the Shield-Bearer (Demonspawn Wanderer)      Turns: 617, Time: 00:01:36

Health: -1/19      AC:  2    Str: 11    XL:     2   Next: 68%
Magic:  4/4        EV: 11    Int: 15    God:
Gold:   41         SH:  4    Dex: 11    Spells: 2/3 levels left

rFire   . . .      SeeInvis .   a - +0 mace
rCold   . . .      Faith    .   b - +0 buckler
rNeg    . . .      Spirit   .   d - +0 robe
rPois   .          Reflect  .   (no helmet)
rElec   .          Harm     .   (no cloak)
rCorr   .          Rampage  .   (no gloves)
Will    .....                   (no boots)
Stlth   +.........              f - amulet of magic regeneration
HPRegen 0.06/turn               (no ring)
MPRegen 0.49/turn               (no ring)

@: no status effects
A: demonic guardian 1
a: no special abilities


You were on level 1 of the Dungeon.
You visited 1 branch of the dungeon, and saw 1 of its levels.

You collected 41 gold pieces.

Inventory:

Hand Weapons
 a - a +0 mace (weapon)
 j - a +0 spear
Armour
 b - a +0 buckler (worn)
 d - a +0 robe (worn)
Jewellery
 f - an amulet of magic regeneration (around neck)
Scrolls
 c - a scroll of fear
 g - a scroll of teleportation {unknown}
Potions
 e - a potion of brilliance {unknown}
 h - a potion of curing {unknown}
 i - a potion of haste {unknown}


   Skills:
 - Level 2.6 Maces & Flails
 + Level 0.8 Dodging
 + Level 3.0 Shields
 + Level 1.4 Spellcasting
 + Level 2.3 Summonings
 - Level 1.2 Invocations


You had 2 spell levels left.
You knew the following spells:

 Your Spells              Type           Power      Damage    Failure   Level
a - Summon Small Mammal   Summ           32%        N/A       12%         1

Your spell library contained the following spells:

 Spells                   Type           Power      Damage    Failure   Level
 Ensorcelled Hibernation  Hex/Ice        2%         N/A       43%         2
 Passwall                 Tmut/Erth      0%         N/A       43%         2
 Swiftness                Air            1%         N/A       67%         3
 Animate Armour           Summ/Erth      8%         N/A       88%         4
 Summon Lightning Spire   Summ/Air       4%         N/A       88%         4


Dungeon Overview and Level Annotations

Branches:
Dungeon (1/15)

Altars:


Innate Abilities, Weirdness & Mutations

A weak demonic guardian rushes to your aid.


Message History

Your quasit barely misses the hobgoblin.
Your quasit claws the hobgoblin.
The hobgoblin barely misses you. The quokka bites your bat.
Your bat dies!
Your bat's corpse disappears in a puff of smoke!
Your quasit bites the hobgoblin.
The hobgoblin dies!
You hit the hobgoblin but do no damage. Your quasit misses the hobgoblin.
Your quasit claws the hobgoblin.
Your quasit closely misses the hobgoblin.
The hobgoblin hits you.
Unknown command.
You closely miss the hobgoblin.
The hobgoblin is moderately wounded.
Your quasit bites the hobgoblin but does no damage.
Your quasit misses the hobgoblin.
Your quasit claws the hobgoblin.
You block the quokka's attack. The hobgoblin misses you.
Your quasit bites the hobgoblin but does no damage.
Your quasit claws the hobgoblin.
Your quasit claws the hobgoblin but does no damage.
You closely miss the quokka.
The quokka is lightly wounded.
The quokka bites you.
* * * LOW HITPOINT WARNING * * *
Your quasit bites the hobgoblin but does no damage.
Your quasit claws the hobgoblin.
Your quasit barely misses the hobgoblin.
The hobgoblin barely misses your quasit.
The quokka bites you.
* * * LOW HITPOINT WARNING * * *
Your quasit misses the hobgoblin.
Your quasit barely misses the hobgoblin.
Your quasit claws the hobgoblin but does no damage.
You hit the quokka but do no damage.
The quokka is lightly wounded.
The hobgoblin barely misses your quasit.
Your quasit bites the hobgoblin.
The hobgoblin dies!
The quokka bites you.
You die...

##.....######...###.
##..#.......##....(.
#..##........###.<.#
##..##......###......
##...##..>..###...###.
##..#.##....##...###.##
#.## #..##.##....#.####
... .....#.###.##.....#
... .........##.@.....#
#..
......#..$..r.......
#..
........##.#5.....##
#.. ######.###........#
#.. ... .###.#.##.. ...
.... .. .#... # #..
........ .. ... ##.
........ #..... #..
..... .. #..


You could see a quokka and a friendly quasit (summoned).

Vanquished Creatures
  A gnoll (D:1)
  4 endoplasms (D:1)
  A hobgoblin (D:1)
  A ball python (D:1)
  A bat (D:1)
  A goblin (D:1)
  2 kobolds (D:1)
  A rat (D:1)
12 creatures vanquished.

Vanquished Creatures (collateral kills)
  2 hobgoblins (D:1)
2 creatures vanquished.

Grand Total: 14 creatures vanquished

Notes
Turn   | Place    | Note
-------+----------+-------------------------------------------
     0 | D:1      | Anandil the Demonspawn Wanderer began the quest for the
                  | Orb.
     0 | D:1      | Anandil set off with the following items: a +0 mace, a +0
                  | buckler, a scroll of fear, a +0 robe; and the following
                  | spell memorised: Summon Small Mammal; and the following
                  | spells available to memorise: Animate Armour, Summon
                  | Lightning Spire.
     0 | D:1      | Reached XP level 1. HP: 13/13 MP: 2/2
   246 | D:1      | Gained mutation: A weak demonic guardian rushes to your
                  | aid. [demonic ancestry]
   246 | D:1      | Reached XP level 2. HP: 13/19 MP: 3/3
   609 | D:1      | Reached skill level 3 in Shields
   617 | D:1      | Slain by a quokka

Illustrated notes

Levels and vault maps discovered:
D:1:      dpeg_arrival_simpleton_a, layout_rooms,
          shapermc_ecumenical_altar_flowoftime, st_stairs_4

Skill      XL: |  1  2 |
---------------+-------+-----
Shields        | 3 |  3.0
Maces & Flails | |  2.6
Dodging        | |  0.8
Spellcasting   | |  1.4
Summonings     | |  2.3
Invocations    | |  1.2

Action                   || total
-------------------------++-------
Melee: Mace              ||    32
 Cast: Summon Small Mamm ||     3
 Stab: Sleeping          ||     1
Armor: Robe              ||     2
Dodge: Dodged            ||    19
Block: Buckler           ||     8
